AoeStats
← Le_Web

Arabia

510332136Analyzed
3v3 RM · 2d ago on Sep 30, 2026· 56m 20s· 6 players
Game mode
Random Map
Map size
Normal (6 player)
Population
200
Speed
Normal
Resources
Standard
Victory
Conquest
Starting age
Dark Age
Ending age
Imperial Age
RankedLock teamsTeams togetherTeam positionsShared explorationLock speedFull tech treeHidden civsTurbo modeCheats
Victory
Defeat
🇫🇷 Turks · France
835
+13
🇫🇷 Lithuanians · France
794
+15
🇫🇷 Huns · France
742
+17
🇭🇰 Cumans · Hong Kong SAR China
848
-17
🇨🇳 Maya · China
758
-15
🇭🇰 Varangians · Hong Kong SAR China
717
-13
老歪
0:29 Loom
10:40 Feudal Age
11:25 Double-Bit Axe
18:40 Castle Age
18:35 Horse Collar
18:49 Gold Mining
22:05 Bow Saw
22:57 Husbandry
23:48 Wheelbarrow
26:05 Bloodlines
28:29 Hand Cart
32:19 Heavy Plow
37:06 Imperial Age
35:14 Fletching
36:40 Forging
36:18 Treadmill Crane
36:58 Ballistics
38:32 Conscription
38:12 Vendel Legacy
39:23 Ballistics
39:00 Bodkin Arrow
39:23 Scale Barding Armor
39:55 Iron Casting
41:20 Elite Varangian Guard
42:27 Scale Mail Armor
43:22 Chain Barding Armor
47:17 Blast Furnace
46:33 Chain Mail Armor
46:54 Plate Barding Armor
47:54 Squires
47:40 Gambesons
47:41 Arson
49:05 Cavalier
54:25 Gothikon
看天气
0:30 Loom
12:12 Feudal Age
14:39 Wheelbarrow
13:51 Double-Bit Axe
13:48 Horse Collar
15:01 Wheelbarrow
LQuan
10:34 Feudal Age
11:48 Double-Bit Axe
12:30 Gold Mining
20:24 Horse Collar
20:37 Gold Mining
21:27 Loom
28:24 Castle Age
27:56 Stone Mining
28:35 Forging
28:26 Scale Mail Armor
28:19 Fletching
28:33 Pikeman
29:56 Bow Saw
35:28 Wheelbarrow
34:40 Capped Ram
38:36 Heavy Plow
38:59 Squires
38:46 Elite Skirmisher
41:56 Thumb Ring
44:21 Scale Barding Armor
44:47 Padded Archer Armor
47:40 Hand Cart
49:07 Bodkin Arrow
49:47 Iron Casting
49:28 Chain Mail Armor
49:29 Leather Archer Armor
50:19 Town Watch
51:44 Chain Barding Armor
56:57 Imperial Age
Cailloux
10:08 Feudal Age
10:34 Double-Bit Axe
12:47 Horse Collar
16:58 Bloodlines
20:33 Forging
20:29 Scale Barding Armor
24:15 Castle Age
28:10 Heavy Plow
31:37 Stone Mining
32:22 Husbandry
31:42 Light Cavalry
32:28 Heavy Plow
34:37 Bow Saw
34:24 Light Cavalry
36:25 Wheelbarrow
38:07 Hand Cart
39:21 Gold Mining
40:08 Stone Shaft Mining
47:39 Imperial Age
45:27 Town Watch
45:27 Loom
46:22 Iron Casting
47:03 Treadmill Crane
47:44 Ballistics
49:28 Winged Hussar
49:47 Elite Leitis
52:40 Conscription
52:40 Town Patrol
54:15 Chemistry
53:40 Chain Barding Armor
55:30 Caravan
Le_Web
10:18 Feudal Age
10:49 Double-Bit Axe
10:57 Gold Mining
10:50 Horse Collar
11:50 Wheelbarrow
19:50 Castle Age
19:12 Scale Mail Armor
19:22 Forging
19:20 Scale Barding Armor
19:26 Forging
19:16 Scale Mail Armor
21:09 Bow Saw
21:02 Stone Mining
21:51 Gold Shaft Mining
21:30 Husbandry
21:45 Light Cavalry
23:09 Squires
26:14 Hand Cart
27:21 Pikeman
29:55 Bloodlines
31:21 Heavy Plow
32:43 Town Watch
33:40 Chain Barding Armor
40:34 Marauders
46:32 Imperial Age
44:05 Town Patrol
45:29 Ballistics
47:22 Elite Tarkan
47:35 Sappers
48:32 Conscription
49:24 Conscription
50:02 Plate Barding Armor
49:56 Man-at-Arms
51:36 Crossbowman
52:23 Thumb Ring
55:52 Loom
56:45 Padded Archer Armor
56:36 Fletching
a real manatee
10:30 Feudal Age
11:08 Double-Bit Axe
11:38 Horse Collar
18:40 Wheelbarrow
19:26 Gold Mining
19:26 Stone Mining
19:56 Bloodlines
19:59 Scale Barding Armor
20:05 Forging
19:56 Padded Archer Armor
24:46 Castle Age
26:59 Bow Saw
26:51 Heavy Plow
27:27 Hand Cart
28:17 Thumb Ring
29:05 Leather Archer Armor
28:41 Fletching
29:12 Chain Barding Armor
29:58 Town Watch
30:21 Bodkin Arrow
31:06 Iron Casting
31:49 Town Patrol
32:35 Gold Shaft Mining
40:02 Arson
42:16 Treadmill Crane
42:32 Murder Holes
42:58 Ballistics
44:52 Sipahi
47:37 Imperial Age
49:50 Husbandry
50:21 Conscription
51:36 Heavy Cavalry Archer
52:43 Parthian Tactics
52:06 Elite Janissary
53:40 Cavalier
Connection lost

Rejoining the realm…

Still unreachable

The connection could not be restored.

Session expired

The server has moved on; the page needs a fresh start.